 Dungeon Sprint DCSS version 0.28.0-43-g3370ac3207 (webtiles) character file.

Game seed: 8276186472694336446

5947 boopmooplesden the Warrior (level 10, -5/114 HPs)
             Began as a Minotaur Berserker on Mar 22, 2022.
             Was the Champion of Trog.
             Killed from afar by Dowan (25 damage)
             ... with a shard of ice
             ... in the Dungeon (Sprint III: "The Ten Rune Challenge").
             The game lasted 00:05:41 (2419 turns).

boopmooplesden the Warrior (Minotaur Berserker)     Turns: 2419, Time: 00:05:42

Health: -5/114     AC:  6    Str: 22    XL:     10   Next: 54%
Magic:  9/9        EV: 15    Int:  6    God:    Trog [******]
Gold:   2033       SH:  0    Dex: 10    Spells: 9/9 levels left

rFire   . . .      SeeInvis .   w - +5 bardiche (flame)
rCold   . . .      Faith    .   (shield currently unavailable)
rNeg    . . .      Spirit   .   u - +2 robe {Will+}
rPois   .          Reflect  .   (helmet restricted)
rElec   .          Harm     .   (no cloak)
rCorr   .          Rampage  .   o - +0 pair of gloves
Will    +....      Rage     1%  (no boots)
Stlth   ++........ NoTele   +   (no amulet)
HPRegen 0.29/turn               (no ring)
MPRegen 0.11/turn               (no ring)

@: on berserk cooldown, slowed, very slow
A: horns 2, retaliatory headbutt, berserk 1, clumsy 1
a: Renounce Religion, Berserk, Trog's Hand, Brothers in Arms


You were in the Dungeon.
You worshipped Trog.
Trog was exalted by your worship.
You visited 1 branch You collected 2033 gold pieces.

Inventory:

Hand Weapons
 a - a +0 spear
 j - a +2 long sword of holy wrath
 p - a +0 short sword of holy wrath
 s - a +5 antimagic halberd
 t - a +3 vorpal glaive
 v - a +4 glaive of flaming
 w - a +5 bardiche of flaming (weapon)
Armour
 b - a +0 animal skin
 o - a +0 pair of gloves (worn)
 u - a +2 robe of willpower (worn)
Wands
 q - a wand of acid (6)
Scrolls
 h - a scroll of blinking
 k - a scroll of immolation {unknown}
 l - a scroll of torment {unknown}
 m - 2 scrolls of holy word {unknown}
Potions
 c - 3 potions of curing
 d - 2 potions of heal wounds
 e - 2 potions of haste
 f - 2 potions of magic
 g - a potion of berserk rage
 i - 3 potions of degeneration {unknown}
 n - 2 potions of flight
Miscellaneous
 r - a box of beasts


   Skills:
 + Level 18.7 Fighting
 + Level 18.4 Polearms
 + Level 8.8 Armour
 + Level 11.5 Dodging
 + Level 2.1 Stealth


You had 9 spell levels left.
You didn't know any spells.
Your spell library was empty.

Dungeon Overview and Level Annotations

Branches:
Dungeon (1/1)

Altars:
Cheibriados
Dithmenos
Elyvilon
Fedhas
Gozag
Hepliaklqana
Kikubaaqudgha
Makhleb
Nemelex Xobeh
Okawaru
Qazlal
Ru
Sif Muna
Trog
Uskayaw
Vehumet
Wu Jian
Xom
Yredelemnul
Zin
The Shining One
Beogh
Jiyva
Lugonu

Shops:
D [

Annotations:
D Dowan


Innate Abilities, Weirdness & Mutations

You have a pair of horns on your head.
You reflexively headbutt those who attack you in melee.
You tend to lose your temper in combat.
You are clumsy. (Dex -2)


Message History

You chop Duvessa into pieces!!! You burn Duvessa. You headbutt Duvessa!
Duvessa is almost dead.
Duvessa misses you. You furiously retaliate!
You headbutt Duvessa! You slice Duvessa!! You burn Duvessa.
You feel the power of Trog in you as your rage grows.
You kill Duvessa!
Trog accepts your kill.
Dowan seems overcome with grief.
Dowan seems to find hidden reserves of power!
Dowan mumbles some strange words.
Dowan blinks!
Dowan mumbles some strange words.
Dowan blinks!
You feel a strong urge to attack something.
There is an open door, spattered with blood here.
Dowan points at you and mumbles some strange words.
The stone arrow hits you!!!
* * * LOW HITPOINT WARNING * * *
You feel your anger nearly subside.
You are no longer berserk.
You are exhausted.
You feel yourself slow down.
Dowan casts a spell.
Dowan blinks!
Dowan mumbles some strange words.
Dowan blinks!
Dowan casts a spell.
Dowan blinks!
Dowan casts a spell.
Dowan blinks!
Dowan hits you but does no damage. Space warps around you.
* * * LOW HITPOINT WARNING * * *
Dowan hits you with a +0 morningstar of distortion.
* * * LOW HITPOINT WARNING * * *
Dowan closely misses you. You furiously retaliate!
You headbutt Dowan! You barely miss Dowan.
Dowan is lightly wounded.
Dowan hits you but does no damage.
Dowan points at you and mumbles some strange words.
The shard of ice hits you!!
You die...

))).....## )##.##..# .#.####.#
'###########################
....#.#.#.....#....^.'...≈≈#
#.#..#.##.###)#......#...≈≈#
##.#.#.##)#.)##.^..^^#...≈≈≈≈#
)..#..#..##..'.......#...≈≈≈≈#
▓▓▓▓▓▓▓▓▓▓▓▓▓#..@....#.......#
#..^e...#.......#
+.....^.#.......#
#^..^.^^######### ##'######
#.).+ #...# #...# #####


You could see Dowan (fast).

Vanquished Creatures
  Erolcha (D)
  An orc high priest (D)
  A deep elf pyromancer (D)
  Duvessa (D)
  2 two-headed ogres (D)
  A shadow (D)
  A spatial vortex (D)
  2 redbacks (D)
  A necrophage (D)
  A water elemental (D)
  21 killer bees (D)
  A jelly (D)
  An orc priest (D)
  A wizard (D)
  Jessica (D)
  A necromancer (D)
  A kobold demonologist (D)
  3 humans (D)
  A phantom (D)
  An orc (D)
  An endoplasm (D)
  A hobgoblin (D)
  A rat (D)
47 creatures vanquished.

Vanquished Creatures (collateral kills)
  An orc sorcerer (D)
  A queen bee (D)
  3 two-headed ogres (D)
  11 killer bees (D)
  5 orc priests (D)
  An orc wizard (D)
  7 orcs (D)
29 creatures vanquished.

Grand Total: 76 creatures vanquished

Notes
Turn   | Place    | Note
-------+----------+-------------------------------------------
     0 | D        | boopmooplesden the Minotaur Berserker began the quest for
                  | the Orb.
     0 | D        | Reached XP level 1. HP: 19/19 MP: 0/0
    18 | D        | Noticed Jessica
    23 | D        | Killed Jessica
    23 | D        | Reached ** piety under Trog
    24 | D        | Reached skill level 5 in Fighting
    24 | D        | Reached skill level 5 in Polearms
    24 | D        | Reached XP level 2. HP: 17/30 MP: 1/1
   158 | D        | Reached XP level 3. HP: 17/37 MP: 2/2
   491 | D        | Gained mutation: You are strong-willed. (Will+) [potion of
                  | mutation]
   491 | D        | Gained mutation: You passively map a small area around you.
                  | [potion of mutation]
   492 | D        | Lost mutation: You passively map a small area around you.
                  | [potion of mutation]
   492 | D        | Lost mutation: You are strong-willed. (Will+) [potion of
                  | mutation]
   492 | D        | Gained mutation: You passively dampen the noise of your
                  | surroundings. [potion of mutation]
   492 | D        | Gained mutation: Potions are less effective at restoring
                  | your health. [potion of mutation]
   493 | D        | Lost mutation: You passively dampen the noise of your
                  | surroundings. [potion of mutation]
   493 | D        | Lost mutation: Potions are less effective at restoring your
                  | health. [potion of mutation]
   493 | D        | Gained mutation: You are frail. (-10% HP) [potion of
                  | mutation]
   493 | D        | Gained mutation: You are somewhat resistant to further
                  | mutation. [potion of mutation]
   493 | D        | Gained mutation: You are partially covered in large bone
                  | plates. (SH +4) [potion of mutation]
   494 | D        | Lost mutation: You are frail. (-10% HP) [potion of
                  | mutation]
   494 | D        | Lost mutation: You are partially covered in large bone
                  | plates. (SH +4) [potion of mutation]
   494 | D        | Lost mutation: You are somewhat resistant to further
                  | mutation. [potion of mutation]
   494 | D        | Gained mutation: You are partially covered in large bone
                  | plates. (SH +4) [potion of mutation]
   494 | D        | Gained mutation: Your spells are a little harder to cast,
                  | but a little more powerful. [potion of mutation]
   495 | D        | Lost mutation: Your spells are a little harder to cast, but
                  | a little more powerful. [potion of mutation]
   495 | D        | Lost mutation: You are partially covered in large bone
                  | plates. (SH +4) [potion of mutation]
   495 | D        | Gained mutation: You are clumsy. (Dex -2) [potion of
                  | mutation]
   495 | D        | Gained mutation: You tend to lose your temper in combat.
                  | [potion of mutation]
   501 | D        | Noticed a water elemental
   505 | D        | Killed a water elemental
   506 | D        | Reached XP level 4. HP: 47/47 MP: 3/3
   648 | D        | Found a radiant altar of Vehumet.
   650 | D        | Found a shimmering blue altar of Sif Muna.
   650 | D        | Found an ancient bone altar of Kikubaaqudgha.
   650 | D        | Noticed a wizard
   653 | D        | Killed a wizard
   653 | D        | Reached *** piety under Trog
   659 | D        | Noticed a rust devil
   662 | D        | Reached XP level 5. HP: 55/55 MP: 4/4
   700 | D        | Found a glowing silver altar of Zin.
   700 | D        | Found a glowing golden altar of the Shining One.
   700 | D        | Found a white marble altar of Elyvilon.
   701 | D        | Noticed a deep elf pyromancer
   711 | D        | Killed a deep elf pyromancer
   711 | D        | Reached **** piety under Trog
   712 | D        | Reached skill level 5 in Armour
   712 | D        | Reached XP level 6. HP: 65/69 MP: 5/5
   712 | D        | Reached XP level 7. HP: 70/75 MP: 6/6
   747 | D        | Found a hide-covered altar of Uskayaw.
   747 | D        | Found an iron altar of Okawaru.
   747 | D        | Found a bloodstained altar of Trog.
   747 | D        | Found an ornate altar of the Wu Jian Council.
   747 | D        | Noticed a human
   749 | D        | Noticed a human
   757 | D        | Killed a human
   762 | D        | Killed a human
   809 | D        | Found a basalt altar of Yredelemnul.
   809 | D        | Found a shadowy altar of Dithmenos.
   809 | D        | Found a sacrificial altar of Ru.
   852 | D        | Noticed a shadow
   856 | D        | Reached ***** piety under Trog
   863 | D        | Killed a shadow
   864 | D        | Reached XP level 8. HP: 31/86 MP: 7/7
  1056 | D        | Found a blossoming altar of Fedhas.
  1056 | D        | Found a stormy altar of Qazlal.
  1056 | D        | Found a snail-covered altar of Cheibriados.
  1056 | D        | Found a burning altar of Makhleb.
  1056 | D        | Found a shimmering altar of Xom.
  1057 | D        | Found a hazy altar of Hepliaklqana.
  1057 | D        | Found an opulent altar of Gozag.
  1057 | D        | Found a sparkling altar of Nemelex Xobeh.
  1057 | D        | Found a corrupted altar of Lugonu.
  1057 | D        | Found a viscous altar of Jiyva.
  1328 | D        | Found Fas Zafa's Antique Armour Shoppe.
  1335 | D        | Received a gift from Trog
  1336 | D        | Killed an orc sorcerer
  1337 | D        | Reached skill level 15 in Fighting
  1337 | D        | Reached skill level 15 in Polearms
  1337 | D        | Reached XP level 9. HP: 97/97 MP: 8/8
  1341 | D        | Noticed an orc high priest
  1346 | D        | Reached ****** piety under Trog
  1353 | D        | Killed an orc high priest
  1353 | D        | Received a gift from Trog
  1358 | D        | Reached skill level 10 in Dodging
  1549 | D        | Noticed a two-headed ogre
  1559 | D        | Killed a two-headed ogre
  1824 | D        | Noticed Erolcha
  1824 | D        | Noticed a two-headed ogre
  1827 | D        | Killed Erolcha
  1833 | D        | Killed a two-headed ogre
  1839 | D        | Reached XP level 10. HP: 68/111 MP: 3/9
  1840 | D        | Received a gift from Trog
  1961 | D        | Reached skill level 1 in Stealth
  1975 | D        | Received a gift from Trog
  1989 | D        | Received a gift from Trog
  2013 | D        | Received a gift from Trog
  2126 | D        | Received a gift from Trog
  2404 | D        | Noticed Dowan
  2405 | D        | Noticed Duvessa
  2411 | D        | Killed Duvessa
  2419 | D        | Killed from afar by Dowan

Illustrated notes

Levels and vault maps discovered:
D:        dungeon_sprint_mu [sprint_mu_entry_forest, sprint_mu_temple_rooms,
          sprint_mu_d1_spiders, sprint_mu_d2_genie, sprint_mu_d3_branching,
          sprint_mu_orc_legion, sprint_mu_elf_gauntlet, sprint_mu_hive_nellie,
          sprint_mu_lair_fedhas, sprint_mu_vaults_butterflies,
          sprint_mu_slime_circle, sprint_mu_shoals_archi,
          sprint_mu_snake_twists, sprint_mu_blade_basic, sprint_mu_crypt_lich,
          sprint_mu_tomb_spiral, sprint_mu_vestibule_basic,
          sprint_mu_gehenna_hellfire, sprint_mu_dis_giant,
          sprint_mu_tartarus_statrot, sprint_mu_cocytus_islands, sprint_mu_zot1]

Skill      XL: |  1  2  3  4  5  6  7  8  9 10 |
---------------+-------------------------------+-----
Fighting       | 5 6 7 8 11 13 15 17 18 | 18.7
Polearms       | 5 6 7 8 11 13 15 17 18 | 18.4
Armour         | 3 4 5 6 7 8 |  8.8
Dodging        | 3 4 7 8 9 10 11 | 11.5
Stealth        | 2 |  2.1

Action                   |  1- 3 |  4- 6 |  7- 9 | 10-12 || total
-------------------------+-------+-------+-------+-------++-------
Melee: Spear             |    26 |    18 |    39 |       ||    83
       Headbutt          |     2 |     1 |    13 |     5 ||    21
       Punch             |       |       |     3 |       ||     3
       Halberd           |       |       |    25 |     2 ||    27
       Glaive            |       |       |       |    44 ||    44
       Bardiche          |       |       |       |     6 ||     6
Invok: Berserk           |     2 |     2 |     5 |     2 ||    11
       Brothers in Arms  |       |       |     1 |     1 ||     2
Evoke: Box of beasts     |       |       |       |     1 ||     1
  Use: Potion            |     5 |       |       |       ||     5
Armor: Animal skin       |     3 |       |     3 |       ||     6
       Robe              |       |       |       |     7 ||     7
Dodge: Dodged            |     9 |     4 |    22 |    27 ||    62
